 Dungeon Crawl Stone Soup version 0.13-a0-3104-gb5885e9 (webtiles) character file.

502 Malachi the Skirmisher (level 6, 0/46 HPs)
             Began as a Mummy Chaos Knight on Sept 19, 2013.
             Was a Plaything of Xom.
             Slain by an iron imp (11 damage)
             ... summoned by Xom
             ... on Level 2 of the Dungeon.
             The game lasted 00:13:18 (15101 turns).

Malachi the Skirmisher (Mummy Chaos Knight)        Turns: 15101, Time: 00:13:18

HP   0/46        AC  4     Str 20      XL: 6   Next: 42%
MP   7/7         EV 12     Int 11      God: Xom
Gold 131         SH  0     Dex 11      Spells:  0 memorised,  5 levels left

Res.Fire  : . . .   See Invis. : +   a - +2,+0 falchion (chaos)
Res.Cold  : + + .   Warding    : .   e - +1 leather armour {rF+}
Life Prot.: + + +   Conserve   : .   (no shield)
Res.Poison: +       Res.Corr.  : .   (no helmet)
Res.Elec. : .       Clarity    : .   (no cloak)
Sust.Abil.: . .     Spirit.Shd : .   (no gloves)
Res.Mut.  : .       Stasis     : .   (no boots)
Res.Rott. : +       Flight     : .   (no amulet)
Saprovore : . . .                    c - ring of the Middle {rC+ SInv}
                                     f - ring of Pnima {rPois MR Str+3, unknown}

@: quite resistant to hostile enchantments, unstealthy
A: no food or potions, fire vulnerability, restore body, cold resistance 1, life
protection 3, poison resistance, torment resistance, unbreathing
a: Renounce Religion


You were on level 2 of the Dungeon.
You worshipped Xom.
You were a special plaything of Xom.
You were not hungry.

You visited 1 branch of the dungeon, and saw 2 of its levels.

You collected 111 gold pieces.

Inventory:

Hand weapons
 a - a +2,+0 falchion of chaos (weapon)
 l - a +0,+0 trident
Armour
 b - a +2 leather armour
 e - a +1 leather armour of fire resistance (worn)
Magical devices
 d - a wand of invisibility (2)
 i - a wand of confusion (11)
Scrolls
 k - a scroll of remove curse {unknown}
 m - a scroll of magic mapping
Jewellery
 c - the ring of the Middle (right hand) {rC+ SInv}
   (Xom gifted it to you on level 1 of the Dungeon)

   [ring of see invisible]

   It protects you from cold.
 f - the ring of Pnima (left hand) {rPois MR Str+3, unknown}
   (Xom gifted it to you on level 1 of the Dungeon)

   [ring of protection from magic]

   It affects your strength (+3).
   It protects you from poison.
 h - an uncursed ring of protection from cold {unknown}
Books
 j - Kasmit's Volume of the Flamy Oath
   (Xom gifted it to you on level 1 of the Dungeon)

   Spells                             Type                      Level
   Confusing Touch                    Hexes                        1
   Slow                               Hexes                        2
   Ignite Poison                      Fire/Transmutation           5
   Tukima's Dance                     Hexes                        5
   Ring of Flames                     Charms/Fire                  7
Rods
 g - a +7 rod of fiery destruction (11/11)
   (Xom gifted it to you on level 1 of the Dungeon)


   Skills:
 + Level 3.6 Fighting
 + Level 3.1 Long Blades
 + Level 2.9 Armour
 + Level 2.8 Dodging
 + Level 2.1 Stealth
 + Level 1.4 Evocations


You had 5 spell levels left.
You didn't know any spells.

Dungeon Overview and Level Annotations

Branches:
Dungeon (2/27)

Altars:
Trog
Xom


Innate Abilities, Weirdness & Mutations

You do not eat or drink.
Your flesh is vulnerable to fire.
Your flesh is cold resistant.
You are immune to negative energy.
Your system is resistant to poisons.
You are immune to unholy pain and torment.
You can survive without breathing.


Message History

The iron imp hits you! The white imp barely misses you.
You hit the iron imp.
The iron imp is moderately wounded.
The white imp hits you. The white imp freezes you. You resist.
The iron imp barely misses you. The iron imp hits you!
* * * LOW HITPOINT WARNING * * *
You are too injured to fight recklessly!
Unknown command.
Read which item? (? for menu, Esc to quit)
Okay, then.
You can't drink.
The iron imp disappears!
The iron imp misses you.
Things that are here:
2 darts; an orcish dagger
There are monsters nearby!
You hit the iron imp.
The iron imp is moderately wounded.
The white imp closely misses you. The iron imp hits you!
You die... "I guess I need a new plaything now."

.#.## .#.# .#.#
############### ...#
#....._.......# ..##
#.#####..#.##.## ..# #.#
##)###_...## #.# #.#
##)#...#....#### #.#
#.###.##(.5##....).#
#.#####.##.#.#%5@#....##.#
..........#_.)###_....##.#
##.#######.#_#.#.####.##%#
#.#######.#.##.# **#.#..#
#.##(.....#.##........#.##
##......##.#..,,.<##..###.##
...##.#.##.#..,,..##.#...#.##
...##.#.#......, .#.##.>.##.#
...##.#.##.##..,,.##.#...#.##


You could see an iron imp and a white imp.

Vanquished Creatures
  A phantom (D:2)
  An ice beast (D:1)
  2 adders (D:2)
  A giant centipede (shapeshifter) (D:2)
  2 giant mites (D:2)
  A white imp (D:2)
  2 worms (D:2)
  3 giant geckos (D:2)
  11 bats
  2 giant cockroaches
  6 gnolls (D:2)
  13 goblins
  9 hobgoblins
  17 jackals
  17 kobolds
  A quokka (D:2)
  A ball python (D:1)
  5 giant newts
  10 rats
105 creatures vanquished.

Vanquished Creatures (collateral kills)
  2 giant newts (D:2)
  A rat (D:2)
3 creatures vanquished.

Vanquished Creatures (others)
  A giant newt zombie (D:2)
  A hobgoblin zombie (D:2)
2 creatures vanquished.

Grand Total: 110 creatures vanquished

Notes
Turn   | Place    | Note
--------------------------------------------------------------
     0 | D:1      | Malachi, the Mummy Chaos Knight, began the quest for the Orb.
     0 | D:1      | Reached XP level 1. HP: 16/16 MP: 1/1
    57 | D:1      | XOM: harmless Necr miscast
    73 | D:1      | XOM: potion effect (invisibility)
    80 | D:1      | Reached XP level 2. HP: 4/22 MP: 2/2
    91 | D:1      | Reached skill level 1 in Dodging
   725 | D:1      | Reached XP level 3. HP: 22/28 MP: 3/3
  1307 | D:1      | XOM: vitrification
  1339 | D:1      | XOM: harmless Chrm miscast
  1479 | D:1      | XOM: silly message
  1722 | D:1      | XOM: harmless Chrm miscast
  2092 | D:1      | XOM: harmless Necr miscast
  2168 | D:1      | XOM: vitrification
  2359 | D:1      | XOM: harmless Hex miscast
  2741 | D:1      | XOM: mild Divn miscast
  3265 | D:1      | XOM: vitrification
  3288 | D:1      | XOM: god gift: crooked fluorescent wand {god gift}
  3325 | D:1      | XOM: god gift: sparkling book {god gift}
  3328 | D:1      | Identified Kasmit's Volume of the Flamy Oath (Xom gifted it to you on level 1 of the Dungeon)
  3665 | D:1      | XOM: 1-stop teleportation journey
  4029 | D:1      | XOM: god gift: ancient granite ring {god gift}
  4032 | D:1      | Got an ancient granite ring {god gift}
  4150 | D:1      | XOM: god gift: jewelled iron wand {god gift}
  4757 | D:1      | XOM: god gift: heavily runed jade ring {god gift}
  4760 | D:1      | Got a heavily runed jade ring {god gift}
  4828 | D:1      | XOM: god gift: curved smoking rod {god gift}
  4832 | D:1      | Identified a +7 rod of fiery destruction (11/11) (Xom gifted it to you on level 1 of the Dungeon)
  4899 | D:1      | XOM: 3-stop teleportation journey
  5297 | D:1      | XOM: divination: detect creatures
  5980 | D:1      | XOM: mild Pois miscast
  5982 | D:1      | Noticed an ice beast
  5993 | D:1      | Killed an ice beast
  5993 | D:1      | Reached skill level 1 in Stealth
  5993 | D:1      | Reached XP level 4. HP: 34/34 MP: 4/4
  6127 | D:1      | Noticed a water moccasin
  6135 | D:2      | XOM: divination: detect items
  6264 | D:2      | Reached XP level 5. HP: 22/40 MP: 5/5
  6269 | D:2      | Reached skill level 1 in Evocations
  6546 | D:2      | XOM: harmless Hex miscast
  6660 | D:2      | XOM: harmless Summ miscast
  6734 | D:2      | Identified the ring of the Middle {rC+ SInv} (Xom gifted it to you on level 1 of the Dungeon)
  6928 | D:2      | Noticed a moth of wrath
  6929 | D:2      | Found a bloodstained altar of Trog.
  6929 | D:2      | XOM: confuse monster(s)
  6940 | D:2      | XOM: divination: magic mapping
  6977 | D:2      | XOM: cast spell 'Cause Fear'
  6980 | D:2      | XOM: cast spell 'Blink'
  6988 | D:2      | XOM: silly message
  7465 | D:2      | XOM: mild Tloc miscast
  7755 | D:2      | XOM: colour smoke trail
  7857 | D:2      | XOM: god gift: trident {god gift}
  8106 | D:2      | XOM: divination: detect creatures
  8230 | D:2      | XOM: colour smoke trail
  9063 | D:2      | XOM: medium Chrm miscast
  9260 | D:2      | XOM: colour smoke trail
  9267 | D:2      | XOM: mild Fire miscast
  9455 | D:2      | XOM: scenery: create altars
 10583 | D:2      | XOM: colour smoke trail
 10908 | D:2      | Reached XP level 6. HP: 43/46 MP: 7/7
 11311 | D:2      | XOM: mild Necr miscast
 11343 | D:2      | XOM: divination: magic mapping
 11814 | D:2      | XOM: medium Erth miscast
 12255 | D:2      | XOM: medium Fire miscast
 12800 | D:2      | XOM: summons 1 hostile demon
 13441 | D:2      | XOM: god gift: 18 gold pieces
 14071 | D:2      | XOM: divination: detect creatures
 14339 | D:2      | XOM: scenery: create altars
 14591 | D:2      | XOM: mild Ice miscast
 14655 | D:2      | XOM: harmless Divn miscast
 14937 | D:2      | XOM: scenery: create altars
 14980 | D:2      | XOM: mild Tloc miscast
 15094 | D:2      | XOM: summons 3 hostile demons
 15101 | D:2      | Slain by an iron imp

Action                   |  1- 3 |  4- 6 || total
-------------------------+-------+-------++-------
Melee: Falchion          |   131 |   199 ||   330
Evoke: Wand              |     6 |     1 ||     7
       Rod               |     2 |     8 ||    10
  Use: Scroll            |     5 |     4 ||     9
 Stab: Invisible         |     2 |       ||     2
       Paralysed         |     3 |     5 ||     8
       Petrifying        |     1 |       ||     1
       Confused          |       |     2 ||     2
       Distracted        |       |     1 ||     1
